 Dungeon Crawl Stone Soup version 0.28-a0-909-g796cbd3a86 (webtiles) character file.

Game seed: 10601072519378708293

18648 kae the Severer (level 12, -2/104 HPs)
             Began as a Hill Orc Fighter on Nov 24, 2021.
             Was a Believer of Qazlal.
             Slain by a komodo dragon (18 damage)
             ... on level 1 of the Lair of Beasts.
             The game lasted 00:14:56 (14913 turns).

kae the Severer (Hill Orc Fighter)                 Turns: 14913, Time: 00:14:56

Health: -2/104     AC:  8    Str: 30    XL:     12   Next: 60%
Magic:  18/19      EV: 14    Int:  8    God:    Qazlal [**....]
Gold:   740        SH: 10    Dex: 10    Spells: 11/11 levels left

rFire   . . .      SeeInvis .   A - +1 broad axe (drain)
rCold   . . .      Faith    .   c - +1 buckler
rNeg    . . .      Spirit   .   b - +0 scale mail
rPois   .          Reflect  .   (no helmet)
rElec   .          Harm     .   (no cloak)
rCorr   .          Rampage  .   (no gloves)
Will    .....                   (no boots)
Stlth   ..........              k - amulet of the acrobat
HPRegen 0.27/turn               f - +4 ring of evasion
MPRegen 0.16/turn               h - +6 ring of strength

@: studying Spellcasting, invisible
A: no striking features
a: Renounce Religion, Upheaval


You were on level 1 of the Lair of Beasts.
You worshipped Qazlal.
Qazlal was pleased with you.
You visited 3 branches of the dungeon, and saw 12 of its levels.
You also visited: Sewer.

You collected 740 gold pieces.

Inventory:

Hand Weapons
 a - a +0 war axe
 A - a +1 broad axe of draining (weapon)
Missiles
 v - 2 throwing nets (quivered)
Armour
 b - a +0 scale mail (worn)
 c - a +1 buckler (worn)
Jewellery
 e - a ring of ice
 f - a +4 ring of evasion (left hand)
 h - a +6 ring of strength (right hand)
 k - an amulet of the acrobat (around neck)
 n - a ring of positive energy
 C - a ring of fire
Wands
 d - a wand of mindburst (25)
 x - a wand of paralysis (6)
 y - a wand of flame (31)
 D - a wand of digging (5)
 G - a wand of iceblast (17)
Scrolls
 l - a scroll of vulnerability
 o - 4 scrolls of amnesia
 p - 2 scrolls of fog
 s - 4 scrolls of enchant armour
 E - a scroll of immolation
 F - a scroll of blinking
Potions
 g - 2 potions of flight
 i - a potion of attraction
 j - 2 potions of resistance
 m - 3 potions of haste
 r - 2 potions of magic
 t - 2 potions of curing
 w - a potion of brilliance
 z - a potion of mutation


   Skills:
 + Level 9.2 Fighting
 * Level 17.1 Axes
 + Level 8.5 Armour
 + Level 8.5 Shields
 * Level 9.3 Invocations
 + Level 4.9 Evocations


You had 11 spell levels left.
You didn't know any spells.
Your spell library contained the following spells:

 Spells                   Type           Power      Damage    Failure   Level
 Animate Skeleton         Necr           0%         N/A       63%         1
 Foxfire                  Conj/Fire      0%         2x1d4     63%         1
 Pain                     Necr           0%         1d4       63%         1
 Corpse Rot               Necr/Air       0%         N/A       77%         2
 Poisonous Vapours        Pois/Air       0%         N/A       77%         2
 Conjure Flame            Conj/Fire      0%         6-21      94%         3
 Inner Flame              Hex/Fire       0%         N/A       94%         3
 Vampiric Draining        Necr           0%         2d6       94%         3
 Flame Wave               Conj/Fire      0%         3d3       100%        4


Dungeon Overview and Level Annotations

Branches:
Dungeon (10/15)            Temple (1/1) D:5            Lair (1/6) D:10
    Orc (0/2) D:9           Sewer (visited)

Altars:
Ashenzari
Cheibriados
Dithmenos
Elyvilon
Fedhas
Gozag
Hepliaklqana
Kikubaaqudgha
Makhleb
Nemelex Xobeh
Okawaru
Qazlal
Ru
Sif Muna
Trog
Uskayaw
Vehumet
Wu Jian
Xom
Yredelemnul
Zin
The Shining One

Shops:
D:6 [

Annotations:
D:6 2 runed translucent doors


Message History

You slice the yak!!
You kill the yak!
Qazlal accepts your kill.
You hit the yak but do no damage. You drain the yak.
The yak is lightly wounded.
You block the yak's attack.
You slice the yak!! You drain the yak.
The yak is almost dead.
The yak gores you but does no damage.
You barely miss the yak.
The yak is almost dead.
You slash the yak!
You kill the yak!
Qazlal accepts your kill.
You hit the yak but do no damage. You drain the yak.
The yak is lightly wounded.
The yak gores you!
* * * LOW HITPOINT WARNING * * *
You hit the yak. You drain the yak.
The yak is moderately wounded.
You slash the yak!
The yak is severely wounded.
The yak gores you!
* * * LOW HITPOINT WARNING * * *
You barely miss the yak.
The yak is severely wounded.
You block the yak's attack.
You hit the yak but do no damage.
The yak is heavily wounded.
The yak closely misses you.
You closely miss the yak.
The yak is heavily wounded.
You hit the yak but do no damage.
The yak is heavily wounded.
You block the yak's attack.
You slice the yak!!
You kill the yak!
Qazlal accepts your kill.
You closely miss the komodo dragon. The komodo dragon bites you!!
You die...

## #.# ###
#######.#
##.P##.#.##@#
#?....?..#l##
#........Y##
#........##
#........##
..........#
#..../....#
#........##
.........#


You could see a komodo dragon and a yak.

Vanquished Creatures
  Erica (D:10)
  2 two-headed ogres
  An ugly thing (D:9)
  A cane toad (Lair:1)
  Maggie (D:7)
  2 komodo dragons (Lair:1)
  A troll (D:8)
  A hornet (D:9)
  3 blink frogs (Lair:1)
  Sigmund (D:2)
  2 wraiths (D:10)
  A wyvern (D:10)
  4 yaks (Lair:1)
  A steam dragon (D:9)
  3 water moccasins
  An acid dragon (D:9)
  Duvessa (D:4)
  Pargi (Sewer)
  9 orc warriors
  A sky beast (D:5)
  A necrophage (D:7)
  2 ice beasts (D:7)
  3 centaurs
  5 ogres
  3 wolves (Lair:1)
  A phantom (D:6)
  Blork the orc (D:3)
  A kobold brigand (D:8)
  6 bullfrogs
  5 scorpions
  A water moccasin zombie (D:6)
  A water moccasin skeleton (D:5)
  Dowan (D:4)
  13 wights
  3 howler monkeys (D:9)
  3 electric eels
  A centaur zombie (D:8)
  4 jellies
  A gnoll shaman (D:5)
  4 hounds
  3 bullfrog skeletons
  4 orc priests
  Ijyb (D:3)
  3 orc wizards
  Natasha (thrice) (D:2)
  2 iguanas
  A killer bee zombie (D:7)
  Robin (D:4)
  5 gnolls (D:5)
  8 adders
  A shadow imp (D:8)
  2 white imps
  An ufetubus (D:6)
  An adder skeleton (D:4)
  6 worms
  4 dart slugs
  39 orcs
  13 endoplasms
  7 giant cockroaches
  10 goblins
  14 hobgoblins
  8 jackals (D:1)
  2 quokkas
  12 ball pythons
  12 bats
  A frilled lizard (D:2)
  11 kobolds
  3 rats
276 creatures vanquished.

Vanquished Creatures (others)
  An orc (D:8)
  A fungus (Lair:1)
  9 plants
11 creatures vanquished.

Grand Total: 287 creatures vanquished

Notes
Turn   | Place    | Note
-------+----------+-------------------------------------------
     0 | D:1      | kae the Hill Orc Fighter began the quest for the Orb.
     0 | D:1      | Reached XP level 1. HP: 19/19 MP: 1/1
     1 | D:1      | Found a runed translucent door.
    19 | D:1      | Reached skill level 3 in Axes
    28 | D:1      | Reached XP level 2. HP: 24/27 MP: 2/2
   496 | D:1      | Reached XP level 3. HP: 33/33 MP: 3/3
   746 | D:1      | Found a faded altar of an unknown god.
   807 | D:1      | Reached skill level 4 in Axes
   809 | D:1      | Reached XP level 4. HP: 20/40 MP: 4/4
  1314 | D:2      | Noticed Sigmund
  1338 | D:2      | Killed Sigmund
  1339 | D:2      | Reached skill level 5 in Axes
  1339 | D:2      | Reached XP level 5. HP: 17/47 MP: 5/5
  1339 | D:2      | Reached XP level 6. HP: 21/55 MP: 6/6
  1712 | D:2      | Noticed Natasha
  1718 | D:2      | Killed Natasha
  2032 | D:2      | Noticed Natasha
  2038 | D:2      | Killed Natasha
  2179 | D:2      | Noticed Natasha
  2185 | D:2      | Killed Natasha
  2186 | D:2      | Reached skill level 5 in Fighting
  2672 | D:3      | Noticed Ijyb
  2691 | D:3      | HP: 2/56 [disintegration (32)]
  2692 | D:3      | Killed Ijyb
  2693 | D:3      | Reached skill level 6 in Axes
  2966 | D:3      | Reached XP level 7. HP: 54/61 MP: 7/7
  3242 | D:3      | Found a snail-covered altar of Cheibriados.
  3317 | D:3      | Found a glowing drain.
  3335 | Sewer    | Entered a sewer
  3358 | Sewer    | Noticed Pargi
  3368 | Sewer    | Killed Pargi
  3369 | Sewer    | Reached skill level 5 in Armour
  3369 | Sewer    | Reached skill level 5 in Shields
  3856 | D:4      | Noticed Duvessa
  3856 | D:4      | Noticed Dowan
  3856 | D:4      | Noticed Blork the orc
  4016 | D:4      | Noticed Robin
  4062 | D:4      | Killed Duvessa
  4063 | D:4      | Reached skill level 7 in Axes
  4212 | D:3      | Killed Blork the orc
  4273 | D:4      | Killed Robin
  4355 | D:4      | Killed Dowan
  4356 | D:4      | Reached XP level 8. HP: 56/70 MP: 8/8
  4596 | D:4      | Reached skill level 8 in Axes
  4699 | D:4      | Found a shimmering blue altar of Sif Muna.
  4786 | D:4      | Found a blossoming altar of Fedhas.
  5310 | D:5      | Entered Level 5 of the Dungeon
  5346 | D:5      | Reached skill level 9 in Axes
  5432 | D:5      | Found a radiant altar of Vehumet.
  6004 | D:5      | Reached XP level 9. HP: 79/79 MP: 9/9
  6045 | D:5      | Found a staircase to the Ecumenical Temple.
  6115 | Temple   | Entered the Ecumenical Temple
  6329 | Temple   | Became a worshipper of Qazlal Stormbringer
  6591 | D:5      | Found an opulent altar of Gozag.
  6708 | D:5      | Reached skill level 1 in Invocations
  6767 | D:5      | Found a hide-covered altar of Uskayaw.
  7123 | D:6      | Reached skill level 1 in Evocations
  7194 | D:6      | Found Foydik's Armour Shoppe.
  7518 | D:6      | Reached skill level 10 in Axes
  7924 | D:6      | Found a runed translucent door.
  7926 | D:6      | Found a runed translucent door.
  7946 | D:6      | Found a burning altar of Makhleb.
  8584 | D:7      | Noticed Maggie
  8596 | D:7      | Killed Maggie
  8596 | D:7      | Reached * piety under Qazlal
  8796 | D:7      | Reached skill level 5 in Invocations
  8796 | D:7      | Reached XP level 10. HP: 55/86 MP: 13/13
  8810 | D:7      | Reached skill level 11 in Axes
  9823 | D:8      | Found an ornate altar of the Wu Jian Council.
  9848 | D:8      | Found a broken altar of Ashenzari.
 10127 | D:8      | Found a basalt altar of Yredelemnul.
 10919 | D:9      | Found a staircase to the Orcish Mines.
 10919 | D:9      | Noticed a purple ugly thing
 10934 | D:9      | Killed a purple ugly thing
 10934 | D:9      | Reached ** piety under Qazlal
 12192 | D:9      | Reached skill level 12 in Axes
 12552 | D:9      | Found a shadowy altar of Dithmenos.
 12762 | D:9      | Noticed a two-headed ogre
 12771 | D:9      | Killed a two-headed ogre
 12772 | D:9      | Reached XP level 11. HP: 21/95 MP: 16/16
 13416 | D:10     | Entered Level 10 of the Dungeon
 13582 | D:10     | Noticed Erica
 13602 | D:10     | Killed Erica
 13916 | D:10     | Found a staircase to the Lair.
 14189 | D:10     | Noticed a two-headed ogre
 14195 | D:10     | Killed a two-headed ogre
 14370 | D:10     | Reached skill level 16 in Axes
 14370 | D:10     | Reached XP level 12. HP: 104/104 MP: 18/18
 14613 | Lair:1   | Entered Level 1 of the Lair of Beasts
 14880 | Lair:1   | Reached skill level 17 in Axes
 14913 | Lair:1   | Slain by a komodo dragon

Illustrated notes

Levels and vault maps discovered:
D:1:      dpeg_arrival_caged_fury, layout_rooms,
          hellmonk_ecumenical_altar_prayer_group
D:2:      layout_loops_ring, uniq_natasha, uniq_sigmund
D:3:      layout_basic, mainiacjoe_overflow_alcove_2, portal_sewer_entry_a,
          minmay_starry_boxes, uniq_ijyb
D:4:      layout_rooms, mainiacjoe_overflow_tiny_flanked, fedhas_altar_1,
          uniq_duvessa, uniq_robin, uniq_blork_the_orc
D:5:      layout_cave_pools, mainiacjoe_overflow_small_starburst,
          grunt_gozag_statues, marbit_many_paths, temple_statues,
          serial_co_window_serial, co_window_of_opportunity_a,
          co_window_corner_a, co_window_paths_a, co_window_of_opportunity_a,
          co_window_paths_a, co_window_corner_a, co_window_paths_b,
          co_window_paths_b, co_window_paths_b, co_window_2corner,
          co_window_corner_ca, co_window_of_opportunity_c, co_window_2corner,
          co_window_corner_ca, co_window_broadway_b, co_window_corner_b,
          glass_columns_b
D:6:      lemuel_insect_pit, layout_basic, mainiacjoe_overflow_cross_hatched,
          serial_shops, shop, minmay_misc_feat_tower, corexii_shack
D:7:      layout_loops_cross, serial_bayou_pond_c, kennysheep_flooded_box,
          uniq_maggie
D:8:      layout_basic, mainiacjoe_overflow_chevrons, lemuel_round_altar,
          mainiacjoe_overflow_catwalk, hangedman_decor_riveting
D:9:      layout_loops_ring, general_overflow_altar, hiddenorc2_lemuel,
          kennysheep_cluttered_room
D:10:     layout_irregular_city, lair_entry_dummy, st_stairs_14,
          kennysheep_potato, uniq_erica
Temple:   minmay_temple_curvy_loop
Lair:1:   layout_gridlike, grunt_megastairs_2

Skill      XL: |  1  2  3  4  5  6  7  8  9 10 11 12 |
---------------+-------------------------------------+-----
Axes           | 3 4 5 6 7 9 10 12 16 17 | 17.1
Fighting       | 4 5 7 8 9 |  9.2
Armour         | 4 5 6 7 8 |  8.5
Shields        | 4 5 6 7 8 |  8.5
Invocations    | 5 7 8 9 |  9.3
Evocations     | 2 4 |  4.9

Action                   |  1- 3 |  4- 6 |  7- 9 | 10-12 || total
-------------------------+-------+-------+-------+-------++-------
Melee: War axe           |    70 |   119 |   386 |       ||   575
       Broad axe         |       |       |    21 |   317 ||   338
Invok: Upheaval          |       |       |       |     2 ||     2
Evoke: Wand              |       |       |       |     1 ||     1
  Use: Scroll            |     3 |     2 |     4 |    11 ||    20
       Potion            |     1 |     6 |       |     5 ||    12
Armor: Scale mail        |    32 |    25 |    77 |    29 ||   163
       Skin              |       |     8 |       |       ||     8
Dodge: Dodged            |    52 |    74 |   210 |   148 ||   484
Block: Buckler           |    15 |    21 |    87 |   142 ||   265

Table legend: (Time is in decaauts)
 A = Elapsed time spent in this place.
 B = Non-inter-level travel time spent in this place.
 C = Inter-level travel time spent in this place.
 D = Time resting spent in this place.
 E = Time spent auto-exploring this place.
 F = Levels seen in this place.
 G = Mean time per level.
                   A        B        C        D        E       F      G
               +--------+--------+--------+--------+--------+-----+--------+
         Total |  15022 |  14431 |    591 |   2716 |   9799 |  13 | 1155.5 |
       Dungeon |  14296 |  13755 |    541 |   2622 |   9342 |  10 | 1429.6 |
        Temple |    249 |    201 |     48 |      0 |    197 |   1 |  249.0 |
          Lair |    285 |    285 |      0 |     94 |    128 |   1 |  285.0 |
         Sewer |    190 |    190 |      0 |      0 |    132 |   1 |  190.0 |
               +--------+--------+--------+--------+--------+-----+--------+

Top non-repeatable levels by time:
     D:8: 2123 daAuts
     D:9: 1900 daAuts
     D:2: 1630 daAuts
     D:6: 1573 daAuts
     D:3: 1469 daAuts
     D:5: 1240 daAuts
     D:7: 1225 daAuts
     D:4: 1110 daAuts
    D:10: 1030 daAuts
     D:1: 990 daAuts
  Lair:1: 285 daAuts
  Temple: 249 daAuts
   Sewer: 190 daAuts
